 Dungeon Crawl Stone Soup version 0.31-a0-232-gb1c03b2570 (webtiles) character file.

Game seed: 5532683666680016962

42 qw the Shooter (level 3, 0/21 HPs)
             Began as a Gargoyle Hexslinger on July 6, 2023.
             Slain by a giant cockroach (1 damage)
             ... on level 1 of the Dungeon.
             The game lasted 00:00:20 (856 turns).

qw the Shooter (Gargoyle Hexslinger)                 Turns: 856, Time: 00:00:21

Health: 0/21       AC:  6    Str: 11    XL:     3   Next: 54%
Magic:  4/4        EV: 11    Int: 13    God:
Gold:   18         SH:  0    Dex: 14    Spells: 3/4 levels left

rFire   + . .        Y - +1 sling
rCold   . . .        (no shield)
rNeg    + . .        f - +0 leather armour
rPois   inf          (no helmet)
rElec   +            (no cloak)
rCorr   .            (no gloves)
SInv    .            (no boots)
Will    +....        (no amulet)
Stlth   +            e - ring of willpower
HPRegen 0.23/turn    k - ring of protection from fire
MPRegen 0.09/turn

%: no passive effects
@: no status effects
A: sickness immunity, AC +3, negative energy resistance 1, electricity
resistance, torment resistance 1, petrification resistance
a: no special abilities


You were on level 1 of the Dungeon.
You visited 1 branch of the dungeon, and saw 2 of its levels.

You collected 18 gold pieces.


Innate Abilities, Weirdness & Mutations

You are immune to sickness and miasma.
Your stone body is resilient. (AC +3)
You are immune to poison.
You resist negative energy. (rN+)
You are resistant to electric shocks. (rElec)
You are resistant to unholy torment.
You are immune to petrification.


   Skills:
 - Level 2.0 Fighting
 + Level 3.4 Ranged Weapons
 - Level 1.5 Dodging
 - Level 1.0 Spellcasting
 - Level 2.6 Hexes


You had 3 spell levels left.
You knew the following spells:

 Your Spells              Type           Power      Damage    Failure   Level
a - Slow                  Hex            28%        N/A       12%         1

Your spell library contained the following spells:

 Spells                   Type           Power      Damage    Failure   Level
 Inner Flame              Hex/Fire       4%         N/A       54%         3
 Portal Projectile        Hex/Tloc       8%         N/A       54%         3
 Cause Fear               Hex            3%         N/A       77%         4

Inventory:

Hand Weapons
 Y - a +1 sling (weapon)
Armour
 f - a +0 leather armour (worn)
Jewellery
 e - a ring of willpower (left hand)
 k - a ring of protection from fire (right hand)
Potions
 g - a potion of ambrosia {unknown}
 i - a potion of curing {unknown}
 j - a potion of brilliance {unknown}

Dungeon Overview and Level Annotations

Branches:
Dungeon (2/15)

Altars:


Message History

Enter note:
Enter note:
Enter note:
Enter note:
Enter note: You shoot a sling bullet.
The sling bullet hits the hobgoblin.
The hobgoblin is moderately wounded.
The hobgoblin hits you but does no damage.
The goblin closely misses you. The endoplasm barely misses you.
The giant cockroach bites you but does no damage.
You shoot a sling bullet.
The sling bullet closely misses the hobgoblin.
The giant cockroach bites you but does no damage.
The goblin closely misses you. The endoplasm hits you. The hobgoblin hits you.
The giant cockroach closely misses you. The endoplasm freezes you.
You are frozen.
The goblin hits you but does no damage. The hobgoblin hits you.
You shoot a sling bullet. The sling bullet hits the hobgoblin.
The hobgoblin is almost dead.
The giant cockroach misses you. The goblin hits you with a +0 club.
The hobgoblin closely misses you.
The endoplasm hits you but does no damage.
You shoot a sling bullet. The sling bullet hits the hobgoblin.
You kill the hobgoblin!
The giant cockroach barely misses you. The goblin hits you but does no damage.
The endoplasm freezes you.
You are frozen.
The giant cockroach barely misses you.
You shoot a sling bullet. The sling bullet hits the goblin!
You kill the goblin!
The endoplasm closely misses you. The giant cockroach barely misses you.
The endoplasm freezes you.
You are frozen.
The giant cockroach barely misses you.
You shoot a sling bullet. The sling bullet hits the endoplasm.
The endoplasm is almost dead.
The giant cockroach closely misses you.
The endoplasm hits you but does no damage.
You shoot a sling bullet. The sling bullet hits the endoplasm.
You kill the endoplasm!
The giant cockroach bites you. x2
You die...

.......##....%##.###.####...##
....#.....###................#
....#...### ####.###.####...##
..###...# #.# #.# #..##
.......## #.###.# #)##
.......# #.....# #.#
##...################# #.#
#..## #........B# #####.###
#.## #.......)@# #.......#
##.# #>#######.# #.##....#####
..## #.#
#####.####.#.......... ### #.#
#................##### ..#
#.###.###.####.#.....# ###
########.........# #.##....#
#.. ..#.#.##.........#
#.......###..
..#.#.######.#...#
#####.###.... ...#.## #...#.#
#.# #....


You could see a giant cockroach.

Vanquished Creatures
  2 dart slugs (D:1)
  A bat (D:1)
  6 endoplasms (D:1)
  2 giant cockroaches (D:1)
  A hobgoblin (D:1)
  4 kobolds (D:1)
  4 quokkas (D:1)
  A ball python (D:1)
  3 frilled lizards (D:1)
  7 goblins (D:1)
  4 rats
35 creatures vanquished.

Notes
Turn   | Place    | Note
-------+----------+-------------------------------------------
     0 | D:1      | qw the Gargoyle Hexslinger began the quest for the Orb.
     0 | D:1      | Reached XP level 1. HP: 12/12 MP: 2/2
     0 | D:1      | 0 ||| qw: Version: 0.3-a-46-gb1f654a
     0 | D:1      | 0 ||| qw: Game counter: 2026
     0 | D:1      | 0 ||| qw: Melee chars always use a shield: true
     0 | D:1      | 0 ||| qw: God list: Okawaru
     0 | D:1      | 0 ||| qw: Allow faded altars: false
     0 | D:1      | 0 ||| qw: Do Orc after clearing Dungeon:15 true
     0 | D:1      | 0 ||| qw: Do second Lair branch before Depths: true
     0 | D:1      | 0 ||| qw: Lair rune preference: random
     0 | D:1      | 0 ||| qw: Goals: Normal
     0 | D:1      | 0 ||| PLANNING D:1-11
   163 | D:1      | Reached XP level 2. HP: 16/16 MP: 3/3
   189 | D:1      | Reached skill level 3 in Ranged Weapons
   339 | D:1      | Reached XP level 3. HP: 21/21 MP: 4/4
   785 | D:1      | 785 ||| UPGRADING to +0 leather armour.
   795 | D:1      | 795 ||| DROPPING +0 robe.
   796 | D:1      | 796 ||| UPGRADING to ring of willpower.
   797 | D:1      | 797 ||| UPGRADING to ring of protection from fire.
   798 | D:1      | 798 ||| READING scroll labelled NOGEIQ QEGE.
   801 | D:1      | 801 ||| READING scroll labelled DOCZAS APUALO.
   802 | D:1      | 802 ||| DROPPING scroll of poison.
   842 | D:2      | Found a faded altar of an unknown god.
   848 | D:2      | 848 ||| STAIRDANCE
   852 | D:1      | HP: 4/21 [goblin/+0 club[Robin] (4)]
   856 | D:1      | HP: 1/21 [giant cockroach (1)]
   856 | D:1      | Slain by a giant cockroach

Levels and vault maps discovered:
D:1:      minmay_arrival_open_corners, layout_loops_corners,
          nicolae_houndstooth_variations
D:2:      layout_basic, nicolae_ecumenical_pavilion, uniq_robin

Skill      XL: |  1  2 |
---------------+-------+-----
Ranged Weapons | 3 |  3.4
Fighting       | 2 |  2.0
Dodging        | |  1.5
Spellcasting   | |  1.0
Hexes          | |  2.6

Action                     || total
---------------------------++-------
   Fire: Sling             ||    84
    Use: Scroll            ||     2
 Armour: Robe              ||    11
         Leather armour    ||    11
  Dodge: Dodged            ||    29

Table legend:
 A = Non-vault XP
 B = Vault XP
 C = Vault XP percentage of total XP
 D = Non-vault monster count
 E = Vault monster count
 F = Vault count percentage of total count
                 A         B        C        D         E       F
            +---------+---------+-------+---------+---------+-------
      Total |      60 |       2 |   3.2 |      34 |       1 |   2.9
            +---------+---------+-------+---------+---------+-------
        D:1 |      59 |       2 |   3.3 |      33 |       1 |   2.9
        D:2 |       1 |       0 |   0.0 |       1 |       0 |   0.0
            +---------+---------+-------+---------+---------+-------
